 Dungeon Crawl Stone Soup version 0.19.1-1-g22dce08 (webtiles) character file.

1994 empire the Destroyer (level 9, -2/45 HPs)
             Began as a Deep Elf Conjurer on Jan 5, 2017.
             Was a Follower of Sif Muna.
             Slain by a hornet zombie (8 damage)
             ... on level 7 of the Dungeon.
             The game lasted 00:17:27 (6516 turns).

empire the Destroyer (Deep Elf Conjurer)            Turns: 6516, Time: 00:17:28

Health: -2/45      AC:  2    Str:  5    XL:     9   Next: 1%
Magic:  12/18      EV: 13    Int: 22    God:    Sif Muna [*.....]
Gold:   243        SH:  0    Dex: 17    Spells: 4 memorised, 5 levels left

rFire  + . .     SeeInvis .     b - +1 short sword (venom)
rCold  x . .     Gourm    .     q - +0 robe
rNeg   . . .     Faith    .     (no shield)
rPois  .         Spirit   .     (no helmet)
rElec  .         Reflect  .     (no cloak)
rCorr  .         Harm     .     (no gloves)
MR     .....                    (no boots)
Stlth  +++.......               (no amulet)
                                z - ring of stealth
                                k - ring of fire

@: no status effects
A: no striking features
a: Divine Energy, Renounce Religion


You were on level 7 of the Dungeon.
You worshipped Sif Muna.
Sif Muna was aware of your devotion.
You were near starving.

You visited 2 branches of the dungeon, and saw 8 of its levels.

You collected 243 gold pieces.

Inventory:

Hand Weapons
 a - a +0 long sword
 b - a +1 short sword of venom (weapon)
 i - a +4 antimagic flail
 v - a +1 spear of distortion
Armour
 q - a +0 robe (worn)
Jewellery
 k - a ring of fire (left hand)
 x - an uncursed ring of protection from magic {unknown}
 z - a ring of stealth (right hand)
Scrolls
 f - 2 scrolls of amnesia {unknown}
 g - 2 scrolls of blinking {unknown}
 h - a scroll of remove curse {unknown}
 j - a scroll of immolation {unknown}
 l - a scroll of fog {unknown}
 m - 2 scrolls of recharging {unknown}
 n - 2 scrolls of enchant armour {unknown}
 u - a scroll of magic mapping {unknown}
 w - a scroll of enchant weapon {unknown}
 y - a scroll of noise {unknown}
 A - 4 scrolls of teleportation {unknown}
Potions
 e - a potion of cure mutation
 o - a potion of resistance
 p - a potion of cancellation
 r - a potion of beneficial mutation {unknown}
 s - a potion of degeneration {unknown}
 t - a potion of curing {unknown}
Books
 d - a book of Cantrips

   Spells                             Type                      Level
   a - Confusing Touch                Hexes                        1
   b - Animate Skeleton               Necromancy                   1
   c - Summon Small Mammal            Summoning                    1
   d - Apportation                    Translocation                1
Comestibles
 c - 5 bread rations


   Skills:
 - Level 2.4 Dodging
 - Level 2.4 Stealth
 - Level 5.1 Spellcasting
 + Level 11.1 Conjurations
 - Level 2.4 Hexes
 - Level 8.2 Charms


You had 5 spell levels left.
You knew the following spells:

 Your Spells              Type           Power        Failure   Level  Hunger
a - Magic Dart            Conj           ####         1%          1    None
b - Dazzling Spray        Conj/Hex       #####.       1%          3    ##.....
c - Iskenderun's Mystic   Conj           ######..     1%          4    ####...
d - Iskenderun's Battles  Conj/Chrm      #####...     8%          5    #####..


Dungeon Overview and Level Annotations

Branches:
Dungeon (7/15)             Temple (1/1) D:6

Altars:
Cheibriados
Dithmenos
Fedhas
Gozag
Hepliaklqana
Kikubaaqudgha
Makhleb
Okawaru
Qazlal
Ru
Sif Muna
Trog
Uskayaw
Xom
Yredelemnul
Zin
The Shining One

Shops:
D:7 *

Annotations:
D:3 markt42's ghost, amateur MiFi
D:5 Menkaure
D:6 Sigmund


Message History

The hornet zombie is lightly damaged.
The hornet zombie hits you!
Casting: Magic Dart
Confirm with . or Enter, or press ? or * to list all spells.
Aiming: Magic Dart
Press: ? - help, Shift-Dir - straight line, f/p - hornet zombie
Aim: a hornet zombie (lightly damaged)
The magic dart hits the hornet zombie.
The hornet zombie is moderately damaged.
The hornet zombie hits you!
* * * LOW HITPOINT WARNING * * *
Casting: Magic Dart
Confirm with . or Enter, or press ? or * to list all spells.
Aiming: Magic Dart
Press: ? - help, Shift-Dir - straight line, f/p - hornet zombie
Aim: a hornet zombie (moderately damaged)
The magic dart hits the hornet zombie.
The hornet zombie is moderately damaged.
The hornet zombie hits you!
You die...

....).[.... ####
#.#..#..... ##.#.
####.#.......###.⌠.#
..#.#.......##.#.#.
#....#...>..#...#.⌠
#.........#⌠.⌠.#.
###.####.........#._...#
.................#⌠.⌠.#.
.#@.........#...#.⌠
#Z.........##.#.#.
..............###.⌠.#
.................##.#.
c.................#####
........................
........................
.....)..........>.....##
......................##


You could see a hornet zombie.

Vanquished Creatures
  Edmund (D:6)
  A black bear (D:6)
  2 sky beasts (D:6)
  3 ogres
  4 phantoms
  2 centaurs
  2 bullfrogs (D:6)
  A scorpion (D:6)
  2 howler monkeys (D:4)
  A vampire bat (D:7)
  A crimson imp (D:4)
  A centaur zombie (D:5)
  A jelly (D:7)
  A hound (D:6)
  2 bullfrog skeletons
  An orc priest (D:6)
  2 centaur skeletons (D:6)
  A worker ant (D:4)
  2 hound skeletons (D:6)
  4 gnolls
  9 adders
  2 oozes
  2 worms
  2 dart slugs (D:2)
  3 leopard geckos
  3 orcs
  A ball python (D:5)
  2 bat skeletons (D:7)
  4 bat zombies (D:7)
  7 giant cockroaches
  5 goblins
  5 hobgoblins
  6 jackals (D:4)
  11 kobolds
  2 quokkas
  11 bats
  5 frilled lizards
  A jackal zombie (D:5)
  A leopard gecko skeleton (D:6)
  A quokka skeleton (D:6)
  7 rats
125 creatures vanquished.

Notes
Turn   | Place    | Note
-------+----------+-------------------------------------------
     0 | D:1      | empire the Deep Elf Conjurer began the quest for the Orb.
     0 | D:1      | Reached XP level 1. HP: 10/10 MP: 6/6
   132 | D:1      | Reached XP level 2. HP: 15/15 MP: 2/8
   607 | D:2      | Reached skill level 5 in Conjurations
   607 | D:2      | Reached XP level 3. HP: 19/19 MP: 3/10
   996 | D:2      | Found a hazy altar of Hepliaklqana.
  1224 | D:2      | Reached XP level 4. HP: 24/24 MP: 10/12
  1755 | D:3      | Noticed markt42's ghost (amateur MiFi)
  1990 | D:4      | Reached skill level 5 in Spellcasting
  1990 | D:4      | Reached skill level 6 in Conjurations
  1990 | D:4      | Reached XP level 5. HP: 20/28 MP: 7/14
  1995 | D:4      | Learned a level 3 spell: Dazzling Spray
  2000 | D:4      | Learned a level 4 spell: Iskenderun's Mystic Blast
  2006 | D:4      | Learned a level 5 spell: Iskenderun's Battlesphere
  2036 | D:4      | Reached skill level 1 in Charms
  2039 | D:4      | Reached skill level 1 in Hexes
  2451 | D:4      | Noticed an ogre
  2454 | D:4      | Killed an ogre
  2454 | D:4      | Reached XP level 6. HP: 32/32 MP: 8/15
  2925 | D:4      | Reached skill level 7 in Conjurations
  3176 | D:5      | Entered Level 5 of the Dungeon
  3276 | D:5      | Noticed Menkaure
  3276 | D:5      | Noticed a slave
  3276 | D:5      | Noticed a slave
  3611 | D:5      | Reached XP level 7. HP: 36/36 MP: 8/16
  3974 | D:6      | Reached skill level 5 in Charms
  4193 | D:6      | Reached skill level 8 in Conjurations
  4403 | D:6      | Found a staircase to the Ecumenical Temple.
  4410 | Temple   | Entered the Ecumenical Temple
  4617 | Temple   | Became a worshipper of Sif Muna the Loreminder
  4787 | D:6      | Reached XP level 8. HP: 19/41 MP: 0/17
  5440 | D:6      | Reached skill level 9 in Conjurations
  5592 | D:6      | Reached * piety under Sif Muna
  5721 | D:6      | Noticed Edmund
  5738 | D:6      | Killed Edmund
  5827 | D:6      | Reached skill level 10 in Conjurations
  5830 | D:6      | Noticed Sigmund
  5842 | D:7      | Found Zussy's Assorted Antiques.
  6217 | D:7      | Found an ancient bone altar of Kikubaaqudgha.
  6410 | D:7      | Reached skill level 11 in Conjurations
  6410 | D:7      | Reached XP level 9. HP: 16/45 MP: 9/18
  6516 | D:7      | Slain by a hornet zombie

Skill      XL: |  1  2  3  4  5  6  7  8 |
---------------+-------------------------+-----
Conjurations   | 5 6 7 8 11 | 11.1
Spellcasting   | 4 5 |  5.1
Charms         | 3 4 7 8 |  8.2
Hexes          | 2 |  2.4
Dodging        | |  2.4
Stealth        | |  2.4

Action                   |  1- 3 |  4- 6 |  7- 9 || total
-------------------------+-------+-------+-------++-------
Melee: Short sword       |       |    15 |    60 ||    75
       Unarmed           |       |     3 |       ||     3
 Cast: Magic Dart        |    69 |   110 |   104 ||   283
       Iskenderun's Myst |       |     8 |    30 ||    38
       Dazzling Spray    |       |       |     1 ||     1
  Use: Scroll            |       |       |     6 ||     6
       Potion            |       |       |     4 ||     4
  Eat: Chunk             |     1 |     6 |     3 ||    10
       Beef jerky        |       |     1 |       ||     1
       Meat ration       |       |       |     1 ||     1
       Bread ration      |       |       |     1 ||     1
Armor: Robe              |     2 |     6 |    15 ||    23
       Skin              |       |       |     4 ||     4
Dodge: Dodged            |     2 |    44 |    84 ||   130
